 Dungeon Crawl Stone Soup version 0.29-a0-962-gc8bbfd0a37 (webtiles) character file.

Game seed: 16550380050801206497

67 quixfox the Digger (level 4, -5/24 HPs)
             Began as a Gargoyle Earth Elementalist on July 30, 2022.
             Slain by an ogre
             ... wielding a +0 giant spiked club
              (8 damage)
             ... on level 3 of the Dungeon.
             The game lasted 00:05:32 (2620 turns).

quixfox the Digger (Gargoyle Earth Elementalist)    Turns: 2620, Time: 00:05:33

Health: -5/24      AC: 10    Str: 11    XL:     4   Next: 16%
Magic:  6/8        EV: 11    Int: 24    God:
Gold:   190        SH:  0    Dex: 10    Spells: 3/9 levels left

rFire   . . .      SeeInvis .   b - +0 sling (vorpal)
rCold   . . .      Faith    .   (no shield)
rNeg    + . .      Spirit   .   d - +0 robe
rPois   ∞          Reflect  .   (no helmet)
rElec   +          Harm     .   v - +0 cloak
rCorr   .          Rampage  .   (no gloves)
Will    .....                   (no boots)
Stlth   ++........              (no amulet)
HPRegen 0.08/turn               f - +6 ring of intelligence
MPRegen 0.11/turn               l - +4 ring of protection

@: no status effects
A: sickness immunity, AC +3, negative energy resistance 1, electricity
resistance, torment resistance 1, petrification resistance
a: no special abilities


You were on level 3 of the Dungeon.
You visited 1 branch of the dungeon, and saw 4 of its levels.

You collected 190 gold pieces.

Inventory:

Hand Weapons
 a - a +0 spear
 b - a +0 vorpal sling (weapon)
Missiles
 q - 2 poisoned darts
Armour
 d - a +0 robe (worn)
 v - a +0 cloak (worn)
Jewellery
 f - a +6 ring of intelligence (left hand)
 i - a ring of positive energy
 l - a +4 ring of protection (right hand)
Scrolls
 c - a scroll of noise {unknown}
 g - 2 scrolls of teleportation {unknown}
 h - a scroll of brand weapon {unknown}
 j - a scroll of immolation {unknown}
 k - a scroll of fear {unknown}
 n - 4 scrolls of identify {unknown}
 p - 2 scrolls of amnesia {unknown}
 r - a scroll of torment {unknown}
 u - a scroll of enchant armour {unknown}
Potions
 e - 7 potions of curing {unknown}
 m - 2 potions of flight {unknown}
 o - a potion of degeneration {unknown}
 s - a potion of lignification {unknown}
 t - a potion of might {unknown}
 w - 2 potions of magic


   Skills:
 - Level 1.5 Dodging
 - Level 2.1 Stealth
 + Level 3.0 Spellcasting
 + Level 1.2 Conjurations
 - Level 0.7 Transmutations
 + Level 4.7 Earth Magic


You had 3 spell levels left.
You knew the following spells:

 Your Spells              Type           Power      Damage    Failure   Level
a - Sandblast             Erth           52%        2d12      1%          1
b - Passwall              Tmut/Erth      13%        N/A       5%          2
c - Stone Arrow           Conj/Erth      36%        3d9       10%         3

Your spell library contained the following spells:

 Spells                   Type           Power      Damage    Failure   Level
 Petrify                  Tmut/Erth      16%        N/A       34%         4


Dungeon Overview and Level Annotations

Branches:
Dungeon (4/15)
 Temple: D:4-7

Altars:

Annotations:
D:2 1 runed translucent door, Crazy Yiuf
D:4 Pikel


Innate Abilities, Weirdness & Mutations

You are immune to sickness and miasma.
Your stone body is resilient. (AC +3)
You are immune to poison.
You resist negative energy. (rN+)
You are resistant to electric shocks. (rElec)
You are resistant to unholy torment.
You are immune to petrification.


Message History

Aim: a ball python (81% to hit)
The blast of sand hits the ball python!!
You kill the ball python!
You start resting.
HP restored.
Magic restored.
There is a stone staircase leading down here.
You climb downwards.
Level annotation: Pikel The ogre shouts!
The orc shouts!
You hear a shout! x3
A goblin comes into view. It is wielding a +0 club.
The ogre closely misses you.
Found 6 stones.
There is a stone staircase leading up here.
You climb upwards.
There is a stone staircase leading down here.
Okay, then.
Casting: Sandblast (safe; 1% risk of failure)
Confirm with . or Enter, or press ? or * to list all spells.
You don't know that spell.
Casting: Sandblast (safe; 1% risk of failure)
Confirm with . or Enter, or press ? or * to list all spells.
Aiming: Sandblast (safe; 1% risk of failure)
Press: ? - help, Shift-Dir - straight line, f - ogre
Aim: an ogre, wielding a +0 giant spiked club (92% to hit)
The blast of sand hits the ogre!
The ogre is heavily wounded.
The ogre misses you.
The ogre hits you with a +0 giant spiked club!!
Ouch! That really hurt!
* * * LOW HITPOINT WARNING * * *
Casting: Sandblast (safe; 1% risk of failure)
Confirm with . or Enter, or press ? or * to list all spells.
Aiming: Sandblast (safe; 1% risk of failure)
Press: ? - help, Shift-Dir - straight line, f/p - ogre
Aim: an ogre, wielding a +0 giant spiked club (heavily wounded, 92% to hit)
The blast of sand hits the ogre!
The ogre is almost dead.
The ogre hits you with a +0 giant spiked club!
You die...

###############################
..............................#
.###########################.##
.#.<................>......#.#
.#.################.#.####.#.#
.#..........#..............#.#
.#..#######.#.#####.#.######.#
...............O@...#.# #.#
.....#........#...#.#.# #.#
.....#........#.#.#.#.# #.#
.....+........#.#.#.#.# #.#
.....#........#.#.#.#.# #.#
.#'#.#....^...#.#.#.#.# #.#
.#.#........#.#.#.#.#.# #.#
'#+#........#.#.#.#.#.# #.#
............#.#.#.#.#.#### #.#


You could see an ogre.

Vanquished Creatures
  2 adders (D:2)
  A worm (D:3)
  An endoplasm (D:3)
  2 giant cockroaches (D:3)
  4 hobgoblins
  2 jackals (D:3)
  3 quokkas
  8 ball pythons
  7 bats
  A frilled lizard (D:1)
  3 goblins
  4 kobolds
  7 rats
45 creatures vanquished.

Vanquished Creatures (others)
  2 plants (D:4)
2 creatures vanquished.

Grand Total: 47 creatures vanquished

Notes
Turn   | Place    | Note
-------+----------+-------------------------------------------
     0 | D:1      | quixfox the Gargoyle Earth Elementalist began the quest for
                  | the Orb.
     0 | D:1      | Reached XP level 1. HP: 10/10 MP: 3/3
   435 | D:1      | Reached XP level 2. HP: 15/15 MP: 3/5
   516 | D:1      | Reached skill level 4 in Earth Magic
   910 | D:1      | Found a faded altar of an unknown god.
  1076 | D:2      | Reached XP level 3. HP: 19/19 MP: 5/7
  1079 | D:2      | Learned a level 2 spell: Passwall
  1083 | D:2      | Learned a level 3 spell: Stone Arrow
  1561 | D:2      | Found a runed translucent door.
  1562 | D:2      | Noticed Crazy Yiuf
  1737 | D:3      | Reached skill level 1 in Conjurations
  1843 | D:3      | Reached XP level 4. HP: 24/24 MP: 4/8
  2564 | D:4      | Noticed a lemure
  2566 | D:4      | Noticed a lemure
  2566 | D:4      | Noticed Pikel
  2616 | D:4      | Noticed an ogre
  2620 | D:3      | Slain by an ogre

Illustrated notes

Levels and vault maps discovered:
D:1:      minmay_arrival_four_houses, layout_basic,
          shapermc_ecumenical_altar_acropolis
D:2:      layout_rooms, uniq_crazy_yiuf_cottage
D:3:      layout_basic, serial_bayou, serial_bayou_lake_a, serial_bayou_pond_b,
          serial_bayou_shore_b, serial_bayou_pond_d,
          amcnicky_mini_corridor_feature, hangedman_feature_mirror
D:4:      cheibrodos_old_hovel, layout_rooms, minmay_temple_entry_tees,
          serial_shops, nicolae_shop_hallway_plus, uniq_eustachio,
          uniq_blork_the_orc, uniq_natasha, uniq_pikel

Skill      XL: |  1  2  3  4 |
---------------+-------------+-----
Earth Magic    | 4 |  4.7
Conjurations   | 1 |  1.2
Spellcasting   | 3 |  3.0
Dodging        | |  1.5
Stealth        | |  2.1
Transmutations | |  0.7

Action                   |  1- 3 |  4- 6 || total
-------------------------+-------+-------++-------
Melee: Spear             |     6 |       ||     6
 Fire: Sling             |       |     2 ||     2
 Cast: Sandblast         |    47 |    11 ||    58
Armor: Robe              |     9 |     2 ||    11
Dodge: Dodged            |    16 |     4 ||    20

Table legend: (Time is in decaauts)
 A = Elapsed time spent in this place.
 B = Non-inter-level travel time spent in this place.
 C = Inter-level travel time spent in this place.
 D = Time resting spent in this place.
 E = Time spent auto-exploring this place.
 F = Levels seen in this place.
 G = Mean time per level.
                   A        B        C        D        E       F      G
               +--------+--------+--------+--------+--------+-----+--------+
         Total |   2690 |   2534 |    156 |    249 |   1656 |   4 |  672.5 |
       Dungeon |   2690 |   2534 |    156 |    249 |   1656 |   4 |  672.5 |
               +--------+--------+--------+--------+--------+-----+--------+

Top non-repeatable levels by time:
     D:3: 980 daAuts
     D:1: 959 daAuts
     D:2: 696 daAuts
     D:4: 54 daAuts
